 Dungeon Crawl Stone Soup version 0.17-a0-1564-g7b572aa (webtiles) character file.

699 Econoterrorist the Grappler (level 7, -3/57 HPs)
             Began as a Ghoul Monk on July 21, 2015.
             Slain by Econoterrorist's ghost (14 damage)
             ... on level 4 of the Dungeon.
             The game lasted 00:10:33 (3725 turns).

Econoterrorist the Grappler (Ghoul Monk)            Turns: 3725, Time: 00:10:33

Health: -3/57      AC:  2    Str: 15    XL:     7   Next: 65%
Magic:  6/6        EV:  7    Int:  6    God:
Gold:   146        SH:  0    Dex: 12    Spells: 0 memorised, 6 levels left

rFire  . . .     SeeInvis .       - Unarmed
rCold  + . .     Clarity  .     a - +0 robe
rNeg   + + +     SustAt   .     (no shield)
rPois  ∞         Gourm    .     (no helmet)
rElec  .         Spirit   .     (no cloak)
rCorr  .         Warding  .     (no gloves)
rMut   .         Stasis   .     (no boots)
MR     .....                    (no amulet)
Stlth  ++........               (no ring)
                                (no ring)

@: very slightly contaminated, rotting, not resistant to hostile enchantments,
unstealthy
A: rotting body, claws 1, carnivore 3, cold resistance 1, negative energy
resistance 3, slow healing 1, torment resistance, unbreathing
a: no special abilities


You were on level 4 of the Dungeon.
You were not hungry.

You visited 1 branch of the dungeon, and saw 4 of its levels.
You also visited: Ossuary.

You collected 146 gold pieces.

Inventory:

Armour
 a - a +0 robe (worn)
Jewellery
 l - an uncursed amulet of resist mutation {unknown}
Scrolls
 c - 9 scrolls of identify {unknown}
 e - a scroll of remove curse {unknown}
 f - a scroll of amnesia {unknown}
 g - a scroll of teleportation {unknown}
 h - a scroll of immolation {unknown}
 i - a scroll of noise {unknown}
 j - a scroll of fear {unknown}
 k - a scroll of random uselessness {unknown}
 n - 3 scrolls of blinking
 o - a scroll of fog {unknown}
 r - 2 scrolls of enchant weapon {unknown}
 s - 2 scrolls of enchant armour {unknown}
 u - a scroll of recharging {unknown}
 x - 2 scrolls of magic mapping {unknown}
Potions
 d - 2 potions of heal wounds {unknown}
 m - a potion of brilliance {unknown}
 q - 2 potions of haste {unknown}
 t - 2 potions of poison {unknown}
 v - a potion of degeneration {unknown}
 w - 2 potions of curing {unknown}
Comestibles
 b - a meat ration
 p - 2 royal jellies


   Skills:
 - Level 3.2 Fighting
 - Level 2.6 Dodging
 - Level 2.1 Stealth
 + Level 9.9 Unarmed Combat


You had 6 spell levels left.
You didn't know any spells.

Dungeon Overview and Level Annotations

Branches:
Dungeon (4/15)
 Temple: D:4-7

Altars:
Xom

Annotations:
D:4 Econoterrorist's ghost, experienced FoAK


Innate Abilities, Weirdness & Mutations

Your body is rotting away.
You thrive on raw meat.
You are immune to poison.
You have sharp fingernails.
You are carnivorous and can eat meat at any time.
Your flesh is cold resistant.
You are immune to negative energy.
You heal slowly when monsters are visible.
You are immune to unholy pain and torment.
You can survive without breathing.


Message History

Econoterrorist's ghost hits you!!
You barely miss Econoterrorist's ghost. Econoterrorist's ghost hits you.
You closely miss Econoterrorist's ghost.
Econoterrorist's ghost hits you.
Read which item? (? for menu, Esc to quit)
Blink to where?
Press: ? - help, Dir - move target cursor You are very lightly contaminated with residual magic.
As you read the scroll labeled GASCHO XETAN, it crumbles to dust.
It was a scroll of blinking.
There is an open door here.
You see here a spear.
Econoterrorist's ghost screams, "What do you have that I didn't have?"
Econoterrorist's ghost hits you!
* * * LOW HITPOINT WARNING * * *
Found an escape hatch in the floor.
Found a viscous emerald potion.
There is a stone staircase leading up here.
Econoterrorist's ghost hits you!
You die...

#........####.## #.....
#........#....# ###.....
##.......###### #.......
##..#.).'...# #.######
#...#..####'#+# #......)
#..##...#.'...+ #.##....
#..#....###.).###....###
#..#...W#.'...'.#.####
.......@###'#'#####
........#.'.#.'.#
.........#########
..>....... ..........
.........# .........#
....!....#


You could see Econoterrorist's ghost.

Vanquished Creatures
  Edmund (D:4)
  An elf zombie (D:4)
  2 orc priests (D:3)
  4 orc wizards
  A human skeleton (D:4)
  A quasit (D:2)
  4 big kobold zombies (Ossuary)
  A mummy (Ossuary)
  3 adders
  3 gnolls
  4 worms (D:2)
  A giant gecko (D:2)
  19 orcs
  A spectral bat (Ossuary)
  13 bats
  5 bat simulacra (Ossuary)
  3 giant cockroaches
  8 gnoll zombies (Ossuary)
  3 hobgoblins
  5 jackals (D:2)
  3 ball pythons (D:2)
  3 giant newts
  12 goblins
  3 goblin simulacra (Ossuary)
  4 goblin zombies (Ossuary)
  5 hobgoblin zombies (Ossuary)
  9 kobolds
  2 kobold simulacra (Ossuary)
  5 kobold zombies (Ossuary)
  5 orc zombies
  7 rats
  3 rat simulacra (Ossuary)
  4 spectral goblins (Ossuary)
  A spectral kobold (Ossuary)
  3 spectral rats (Ossuary)
152 creatures vanquished.

Notes
Turn   | Place    | Note
--------------------------------------------------------------
     0 | D:1      | Econoterrorist the Ghoul Monk began the quest for the Orb.
     0 | D:1      | Reached XP level 1. HP: 19/19 MP: 0/0
   403 | D:1      | Reached XP level 2. HP: 19/26 MP: 1/1
   585 | D:1      | Reached skill level 5 in Unarmed Combat
  1061 | D:2      | Reached XP level 3. HP: 19/31 MP: 2/2
  1071 | D:2      | Reached skill level 6 in Unarmed Combat
  1071 | D:2      | Reached XP level 4. HP: 17/38 MP: 3/3
  1941 | D:2      | Reached XP level 5. HP: 33/45 MP: 4/4
  2104 | D:3      | Reached skill level 7 in Unarmed Combat
  2726 | D:3      | Reached XP level 6. HP: 51/51 MP: 5/5
  2767 | D:3      | Reached skill level 8 in Unarmed Combat
  3049 | D:4      | Found a shimmering altar of Xom.
  3190 | D:4      | Found a sand-covered staircase.
  3202 | D:4      | Reached skill level 9 in Unarmed Combat
  3202 | D:4      | Reached XP level 7. HP: 26/57 MP: 6/6
  3215 | Ossuary  | Entered an ossuary
  3696 | D:4      | Noticed Edmund
  3707 | D:4      | Killed Edmund
  3708 | D:4      | Noticed Econoterrorist's ghost (experienced FoAK)
  3725 | D:4      | Slain by Econoterrorist's ghost

Vault maps used:
D:1:      evilmike_arrival_plus, st_stairs_6, hangedman_decor_push
D:2:      grunt_decor_cap, minmay_divided_ellipse
D:3:      first_bread
D:4:      grunt_temple_overflow_cloverleaf, overflow_temple_1_default,
          nicolae_ossuary_entry_catacombs, uniq_edmund
Ossuary:  ossuary_zaba_two_paths

Action                   |  1- 3 |  4- 6 |  7- 9 || total
-------------------------+-------+-------+-------++-------
Melee: Unarmed           |    62 |   234 |   147 ||   443
Throw: Throwing net      |       |       |     1 ||     1
  Use: Scroll            |       |       |     1 ||     1
 Stab: Sleeping          |     3 |     7 |     3 ||    13
       Distracted        |       |       |     2 ||     2
  Eat: Chunk             |     1 |    21 |     5 ||    27
